 Dungeon Crawl Stone Soup version 0.20-a0-738-gb057e68 (webtiles) character file.

415 polly the Slasher (level 6, -9/47 HPs)
             Began as a Demonspawn Gladiator on Feb 24, 2017.
             Mangled by an ogre
             ... wielding a +0 giant club
              (10 damage)
             ... on level 4 of the Dungeon.
             The game lasted 00:03:35 (3569 turns).

polly the Slasher (Demonspawn Gladiator)            Turns: 3569, Time: 00:03:36

Health: -9/47      AC:  8    Str: 17    XL:     6   Next: 60%
Magic:  6/6        EV: 13    Int:  9    God:
Gold:   189        SH:  0    Dex: 14    Spells: 5/5 levels left

rFire    . . .     SeeInvis .   a - +0 long sword
rCold    . . .     Gourm    .   b - +0 leather armour
rNeg     . . .     Faith    .   (no shield)
rPois    .         Spirit   .   c - +0 helmet
rElec    .         Reflect  .   (no cloak)
rCorr    .         Harm     .   (no gloves)
MR       .....                  (no boots)
Stlth    +.........             (no amulet)
Regen    0.2/turn               (no ring)
MPRegen  0.1/turn               (no ring)

@: no status effects
A: iridescent scales 2
a: no special abilities


You were on level 4 of the Dungeon.
You were not hungry.

You visited 1 branch of the dungeon, and saw 4 of its levels.

You collected 189 gold pieces.

Inventory:

Hand Weapons
 a - a +0 long sword (weapon)
Missiles
 d - 2 throwing nets (quivered)
Armour
 b - a +0 leather armour (worn)
 c - a +0 helmet (worn)
Jewellery
 h - an uncursed ring of positive energy {unknown}
Scrolls
 e - a scroll of noise {unknown}
 i - a scroll of fear {unknown}
 j - 2 scrolls of remove curse {unknown}
 n - a scroll of amnesia {unknown}
 o - 4 scrolls of teleportation {unknown}
 r - a scroll of blinking {unknown}
 t - a scroll of identify {unknown}
Potions
 g - a potion of magic {unknown}
 k - a potion of heal wounds {unknown}
 l - 2 potions of berserk rage
 p - 2 potions of degeneration {unknown}
 q - a potion of agility {unknown}
 s - a potion of haste {unknown}
Comestibles
 f - 2 bread rations
 m - 3 meat rations


   Skills:
 + Level 3.2 Fighting
 + Level 5.2 Long Blades
 + Level 1.9 Throwing
 + Level 2.1 Armour
 + Level 3.7 Dodging


You had 5 spell levels left.
You didn't know any spells.

Dungeon Overview and Level Annotations

Branches:
Dungeon (4/15)
 Temple: D:4-7

Altars:


Innate Abilities, Weirdness & Mutations

You are mostly covered in iridescent scales. (AC +4)


Message History

The ogre struggles against the net.
You hit the ogre.
The ogre is heavily wounded.
The ogre struggles against the net. x2
You barely miss the ogre.
The ogre is heavily wounded.
The ogre struggles against the net.
The net rips apart, and the ogre comes free!
You hit the ogre.
The ogre is severely wounded.
The ogre hits you with a giant club!
* * * LOW HITPOINT WARNING * * *
You hit the ogre.
The ogre is severely wounded.
The ogre misses you.
You riposte.
You barely miss the ogre.
The ogre is severely wounded.
You barely miss the ogre.
The ogre is severely wounded.
The ogre hits you with a giant club!
You die...

#######
#.....#
###.<...#
#.O@....#
#.#.....#
# #!....#
#######


You could see an ogre.

Vanquished Creatures
  The ghost of acidosis4 the Bolt Thrower, an amateur KoAM (D:3)
  A phantom (D:3)
  An orc priest (D:3)
  A gnoll (D:3)
  8 adders
  7 worms
  A leopard gecko (D:3)
  4 orcs (D:3)
  2 ball pythons (D:3)
  6 giant cockroaches
  9 goblins
  10 hobgoblins
  4 jackals (D:1)
  3 quokkas
  8 bats
  12 frilled lizards
  3 kobolds
  10 rats
91 creatures vanquished.

Notes
Turn   | Place    | Note
-------+----------+-------------------------------------------
     0 | D:1      | polly the Demonspawn Gladiator began the quest for the Orb.
     0 | D:1      | Reached XP level 1. HP: 16/16 MP: 1/1
   478 | D:1      | Reached skill level 3 in Long Blades
   478 | D:1      | Gained mutation: You are partially covered in iridescent scales. (AC +2) [demonic ancestry]
   478 | D:1      | Reached XP level 2. HP: 14/22 MP: 2/2
   926 | D:1      | Gained mutation: You are mostly covered in iridescent scales. (AC +4) [demonic ancestry]
   926 | D:1      | Reached XP level 3. HP: 26/28 MP: 3/3
  1313 | D:2      | Found a faded altar of an unknown god.
  1392 | D:2      | Reached XP level 4. HP: 34/34 MP: 4/4
  1610 | D:3      | Noticed acidosis4's ghost (amateur KoAM)
  2438 | D:3      | Reached skill level 1 in Armour
  2442 | D:3      | Reached skill level 4 in Long Blades
  2631 | D:3      | Reached XP level 5. HP: 27/39 MP: 5/5
  2932 | D:3      | Killed acidosis4's ghost
  2932 | D:3      | Reached XP level 6. HP: 17/46 MP: 6/6
  3248 | D:3      | Reached skill level 5 in Long Blades
  3567 | D:4      | HP: 1/47 [ogre/giant club (12)]
  3569 | D:4      | Mangled by an ogre

Vault maps used:
D:1:      onia_arrival_pyramid
D:2:      chequers_ecumenical_altar_simple_redux
D:3:      grunt_ministairs_15, minmay_misc_feat_rows, minmay_lizard_king
D:4:      kennysheep_mini_moat, temple_fountains, serial_shops, shop,
          first_bread

Skill      XL: |  1  2  3  4  5  6 |
---------------+-------------------+-----
Long Blades    | 3 4 5 |  5.2
Dodging        | 3 |  3.7
Armour         | 1 2 |  2.1
Fighting       | 3 |  3.2
Throwing       | |  1.9

Action                   |  1- 3 |  4- 6 || total
-------------------------+-------+-------++-------
Melee: Long sword        |   129 |   191 ||   320
Throw: Throwing net      |       |     1 ||     1
  Use: Potion            |       |     1 ||     1
 Stab: Sleeping          |       |     2 ||     2
  Eat: Chunk             |     2 |     5 ||     7
       Royal jelly       |       |     1 ||     1
Armor: Leather armour    |    66 |    60 ||   126
Dodge: Dodged            |   131 |   122 ||   253
       Rpst.: Long sword |    36 |    50 ||    86
